AoeStats
← 大王同学

Arabia

503586106Analyzed
4v4 RM · 1mo ago on Sep 1, 2026· 29m 39s· 8 players
Game mode
Random Map
Map size
Large (8 player)
Population
200
Speed
Normal
Resources
Standard
Victory
Conquest
Starting age
Dark Age
Ending age
Imperial Age
RankedLock teamsTeams togetherTeam positionsShared explorationLock speedFull tech treeHidden civsTurbo modeCheats
Victory
Defeat
🇨🇳 Wei · China
1437
+9
🇦🇷 Franks · Argentina
1348
+13
🇨🇳 Ethiopians · China
1308
+14
🇭🇰 Japanese · Hong Kong SAR China
1251
+17
🇧🇷 Magyars · Brazil
1297
-14
🇫🇷 Burgundians · France
1282
-14
🇸🇪 Koreans · Sweden
1271
-13
🇧🇩 Saracens · Bangladesh
1251
-12
SSx pankeRs
6:15 Loom
9:14 Feudal Age
17:07 Scale Barding Armor
23:02 Bloodlines
27:08 Castle Age
25:56 Double-Bit Axe
25:53 Horse Collar
27:52 Husbandry
27:52 Husbandry
Si TôT
6:53 Loom
9:28 Feudal Age
8:26 Double-Bit Axe
10:58 Horse Collar
17:48 Scale Barding Armor
17:54 Forging
22:46 Castle Age
21:37 Gold Mining
21:50 Heavy Plow
22:03 Bow Saw
23:19 Wheelbarrow
23:34 Husbandry
24:03 Chain Barding Armor
ikaros
7:48 Loom
10:35 Feudal Age
12:19 Double-Bit Axe
15:23 Fletching
24:03 Castle Age
22:45 Horse Collar
24:06 Crossbowman
24:42 Bodkin Arrow
_Orca_
3:03 Loom
9:59 Feudal Age
17:34 Fletching
18:26 Padded Archer Armor
25:05 Double-Bit Axe
28:06 Castle Age
28:11 Crossbowman
大王同学
6:49 Loom
9:06 Feudal Age
10:13 Double-Bit Axe
15:24 Fletching
17:19 Padded Archer Armor
18:44 Horse Collar
19:45 Wheelbarrow
24:55 Castle Age
23:33 Gold Mining
25:56 Bow Saw
25:43 Bodkin Arrow
25:12 Crossbowman
29:08 Gold Shaft Mining
29:51 Ballistics
29:49 Leather Archer Armor
30:23 Thumb Ring
mengxing
6:52 Loom
8:53 Feudal Age
9:31 Double-Bit Axe
10:49 Loom
16:54 Scale Barding Armor
19:48 Forging
23:31 Castle Age
23:03 Gold Mining
24:51 Chain Barding Armor
27:07 Wheelbarrow
小传奇
6:08 Loom
9:10 Feudal Age
10:57 Double-Bit Axe
14:25 Fletching
18:23 Padded Archer Armor
22:51 Castle Age
22:12 Gold Mining
23:50 Bodkin Arrow
23:16 Crossbowman
26:34 Ballistics
郁离
2:56 Loom
10:07 Feudal Age
10:46 Double-Bit Axe
10:48 Horse Collar
15:21 Scale Barding Armor
21:28 Castle Age
22:45 Chain Barding Armor
21:49 Light Cavalry
22:39 Bloodlines
22:30 Husbandry
23:21 Bow Saw
24:21 Forging
25:04 Wheelbarrow
30:03 Gold Mining
Connection lost

Rejoining the realm…

Still unreachable

The connection could not be restored.

Session expired

The server has moved on; the page needs a fresh start.